 Dungeon Crawl Stone Soup version 0.16.1-2-g95b8d4c (webtiles) character file.

84 Huymann the Firebug (level 4, -2/27 HPs)
             Began as a High Elf Fire Elementalist on Mar 25, 2015.
             Slain by a goblin (5 damage)
             ... led by Robin
             ... on level 3 of the Dungeon.
             The game lasted 00:13:15 (2504 turns).

Huymann the Firebug (High Elf Fire Elementalist)    Turns: 2504, Time: 00:13:16

Health: -2/27      AC:  2    Str:  7    XL:     4   Next: 23%
Magic:  12/12      EV: 15    Int: 19    God:
Gold:   141        SH:  0    Dex: 16    Spells: 4 memorised, 0 levels left

rFire  . . .     SeeInvis .     q - +1 dagger (flame)
rCold  . . .     Clarity  .     d - +0 robe
rNeg   . . .     SustAb   .     (no shield)
rPois  .         Gourm    .     (no helmet)
rElec  .         Spirit   .     (no cloak)
rCorr  .         Warding  .     (no gloves)
rMut   .         Rnd*Tele +     (no boots)
MR     .....                    (no amulet)
Stlth  ++........               (no ring)
                                (no ring)

@: slowed, constricted, very slow, not resistant to hostile enchantments,
unstealthy
A: repulsion field 1, spit poison 1, teleportitis 1
a: Spit Poison


You were on level 3 of the Dungeon.
You were not hungry.

You visited 1 branch of the dungeon, and saw 3 of its levels.

You collected 141 gold pieces.

Inventory:

Hand weapons
 e - a +0 dagger
 q - a +1 dagger of flaming (weapon)
Missiles
 m - 2 throwing nets (quivered)
 o - 15 poisoned needles
Armour
 a - a +0 robe
 d - a +0 robe (worn)
 k - a +0 robe
Jewellery
 p - a cursed amulet of resist mutation
Scrolls
 g - a scroll of remove curse
 i - a scroll of fog
Potions
 f - a potion of agility {unknown}
 j - a potion of restore abilities {unknown}
 n - a potion of heal wounds
Books
 b - a book of Flames

   Spells                             Type                      Level
   a - Flame Tongue                   Conjuration/Fire             1
   b - Throw Flame                    Conjuration/Fire             2
   c - Conjure Flame                  Conjuration/Fire             3
   d - Inner Flame                    Hexes/Fire                   3
   e - Sticky Flame                   Conjuration/Fire             4
   f - Fireball                       Conjuration/Fire             5
Comestibles
 c - a bread ration
 h - a royal jelly
 r - a chunk of flesh


   Skills:
 * Level 0.8 Fighting
 * Level 1.4 Short Blades
 * Level 2.5 Dodging
 + Level 2.8 Stealth
 * Level 3.0 Spellcasting
 * Level 1.7 Conjurations
 * Level 0.6 Hexes
 + Level 3.5 Fire Magic


You couldn't memorise any spells.
You knew the following spells:

 Your Spells              Type           Power        Failure   Level  Hunger
a - Flame Tongue          Conj/Fire      ##...        8%          1    None
b - Conjure Flame         Conj/Fire      ##......     17%         3    ###....
c - Inner Flame           Hex/Fire       ##......     21%         3    ###....
d - Throw Flame           Conj/Fire      ##....       10%         2    ##.....


Dungeon Overview and Level Annotations

Branches:
Dungeon (3/15)

Altars:
Cheibriados
Makhleb

Annotations:
D:3 Natasha, Robin


Innate Abilities, Weirdness & Mutations

You are surrounded by a mild repulsion field (EV +2).
You can spit poison.
Space occasionally distorts in your vicinity.


Message History

You begin to radiate repulsive energy.
There is a nasty taste in your mouth for a moment.
You feel weirdly uncertain.
You feel less confused. The bat hits you but does no damage.
The goblin barely misses you.
The crimson imp blinks!
The ball python barely misses you. The ball python constricts you.
The goblin hits you. The goblin hits you with a club. The goblin hits you.
* * * LOW HITPOINT WARNING * * *
The ball python closely misses you.
* * * LOW HITPOINT WARNING * * *
The ball python constricts you.
Natasha casts a spell.
A goblin comes into view. It is wielding a dagger.
Your attempt to break free from the ball python fails, but you feel that another attempt might succeed.
The goblin hits you.
* * * LOW HITPOINT WARNING * * *
The ball python bites you but does no damage.
The ball python constricts you.
The crimson imp blinks!
The goblin hits you.
You die...

## ##. .##....
##### .#... ....
... .#
##.####.#...#
##..g.g<...#g.
##..gSggg..g.....
#...@ggg...#..#.
#..bhg.g........
#........5.#..#.
#..5.......#..#
#..........# .
##...ยง....##
#.........
.$...... ...


You could see Robin, Natasha, 2 crimson imps, 2 hobgoblins, 9 goblins, a bat and
a ball python.

Vanquished Creatures
  A gnoll (D:1)
  3 adders (D:2)
  A worm (D:2)
  A giant gecko (D:2)
  An ooze (D:2)
  A ball python (D:1)
  4 giant cockroaches
  6 goblins
  5 hobgoblins
  3 kobolds
  7 bats
  5 giant newts
  A quokka (D:2)
  3 rats
42 creatures vanquished.

Notes
Turn   | Place    | Note
--------------------------------------------------------------
     0 | D:1      | Huymann, the High Elf Fire Elementalist, began the quest for the Orb.
     0 | D:1      | Reached XP level 1. HP: 11/11 MP: 4/4
   610 | D:2      | Reached XP level 2. HP: 15/17 MP: 6/6
   795 | D:2      | Found a snail-covered altar of Cheibriados.
  1128 | D:2      | Reached XP level 3. HP: 22/22 MP: 6/8
  1215 | D:2      | Learned a level 3 spell: Conjure Flame
  1219 | D:2      | Learned a level 3 spell: Inner Flame
  1376 | D:2      | Reached skill level 1 in Short Blades
  1874 | D:1      | Reached XP level 4. HP: 20/27 MP: 5/12
  1937 | D:1      | Learned a level 2 spell: Throw Flame
  2269 | D:2      | Found a burning altar of Makhleb.
  2269 | D:2      | Noticed a blizzard demon
  2273 | D:2      | Noticed a ynoxinul
  2273 | D:2      | Noticed a hellwing
  2496 | D:3      | Noticed Natasha
  2496 | D:3      | Noticed Robin
  2503 | D:3      | Gained mutation: You are surrounded by a mild repulsion field (EV +2). [potion of mutation]
  2503 | D:3      | Gained mutation: You can spit poison. [potion of mutation]
  2503 | D:3      | Gained mutation: Space occasionally distorts in your vicinity. [potion of mutation]
  2504 | D:3      | Slain by a goblin

Action                   |  1- 3 |  4- 6 || total
-------------------------+-------+-------++-------
Melee: Dagger            |    87 |    20 ||   107
 Cast: Flame Tongue      |    33 |    13 ||    46
  Use: Scroll            |     4 |     1 ||     5
       Potion            |     1 |     1 ||     2
 Stab: Sleeping          |     6 |       ||     6
  Eat: Chunk             |     3 |     2 ||     5
